Map: New Gettysburg LE

Players

Nickos - Winner!

  • Race: Terran Terran
  • League: Gold

WarGodAlex

  • Race: Zerg Zerg
  • League: Silver

VOD

Have the link to the VOD?

Description

Time

  • Played on: Sept. 15, 2016, 7:58 a.m.
  • Length: 13:04
Show
View Real Time Build Order
Export as new Build Order

Nickos Terran - Winner!

Build Orders: Reaper Expand, MMM Bio 

Get SALT Encoding   

  12  0:01  SCV  
  13  0:13  SCV  
  14  0:19  Supply Depot  
  14  0:26  SCV  
  15  0:40  SCV  
  15  0:42  Barracks  
  16  0:45  Refinery  
  16  0:52  SCV  
  17  1:04  SCV  
  18  1:17  SCV  
  19  1:29  Reaper  
  19  1:30  Orbital Command  
  20  1:45  Command Center  
  20  1:58  Supply Depot  
  20  2:00  SCV  
  21  2:09  Barracks  
  21  2:13  Marine  
  22  2:16  SCV  
  23  2:28  SCV  
  24  2:30  Refinery  
  24  2:37  Factory  
  24  2:43  SCV  
  25  2:58  Barracks Tech Lab  
  25  3:01  Barracks Reactor  
  25  3:02  Orbital Command, SCV  
  25  3:09  Bunker  
  25  3:14  SCV  
  25  3:18  Marine  
  27  3:21  Stimpack  
  27  3:26  SCV  
  28  3:33  Starport  
  28  3:39  SCV  
  28  3:40  SCV  
  30  3:44  Factory Reactor  
  30  3:52  Marine x3, SCV x2  
  35  4:04  SCV x2  
  37  4:10  Marine x3  
  37  4:16  SCV x2  
  42  4:18  Command Center  
  42  4:28  SCV x2, Marine x2  
  42  4:31  Supply Depot  
  46  4:43  Factory Reactor  
  46  4:50  Barracks  
  46  4:51  Barracks  
  46  4:52  Medivac, SCV x2, Marine x3  
  53  4:55  Supply Depot  
  53  5:04  SCV  
  54  5:08  Supply Depot  
  54  5:16  Medivac, SCV x2, Marine x2  
  60  5:22  Medivac  
  62  5:29  Widow Mine x2, SCV x2, Marine  
  62  5:33  Supply Depot  
  62  5:34  Marine  
  70  5:36  Supply Depot, Marine  
  70  5:38  Combat Shields  
  70  5:41  SCV  
  70  5:42  Barracks Tech Lab, Barracks Reactor  
  72  5:50  SCV  
  72  5:51  Medivac  
  72  5:52  Marine  
  72  5:53  SCV, Marine x2  
  72  5:56  Supply Depot  
  79  5:57  Widow Mine  
  79  5:58  Supply Depot  
  79  6:02  SCV  
  81  6:05  Marine  
  81  6:10  Marine x2  
  84  6:11  Marine  
  84  6:12  SCV  
  84  6:14  SCV  
  88  6:22  Orbital Command  
  88  6:23  Marine x2  
  88  6:24  Marine  
  90  6:27  SCV  
  90  6:28  Marine x2, SCV  
  90  6:32  Medivac x2  
  98  6:36  Bunker  
  98  6:39  SCV  
  99  6:40  SCV  
  99  6:41  Marauder x2  
  99  6:46  Supply Depot  
  104  6:47  SCV  
  104  6:52  SCV x2  
  107  6:54  Marine  
  107  6:55  Refinery, Marine  
  107  6:56  Refinery  
  107  6:57  Marine  
  107  6:59  SCV  
  111  7:06  Marine x2  
  111  7:07  Marine  
  111  7:08  Medivac  
  115  7:09  Widow Mine x2  
  119  7:23  Marine x3  
  119  7:24  Marine  
  119  7:26  Supply Depot  
  119  7:28  Medivac  
  124  7:30  Supply Depot  
  124  7:36  Marine  
  125  7:47  Widow Mine, Marine x3  
  125  7:48  Concussive Shells, SCV x3  
  125  7:51  Marine x2  
  133  7:54  Marine  
  136  8:00  SCV  
  136  8:05  Marine x2  
  137  8:06  Marauder  
  141  8:18  Barracks  
  141  8:19  Barracks  
  141  8:21  Engineering Bay  
  141  8:22  Engineering Bay  
  141  8:38  Supply Depot  
  141  8:40  SCV  
  141  8:49  Marine x3, SCV x2  
  141  8:51  Marine  
  141  8:53  Marauder  
  141  8:57  Widow Mine  
  141  8:59  Widow Mine, Medivac x2  
  141  9:00  Marauder  
  149  9:04  SCV  
  149  9:07  SCV x2, Marine x2  
  149  9:13  Terran Infantry Weapons Level 1, Terran Infantry Armor Level 1  
  149  9:14  Barracks Reactor, Marine x2  
  149  9:15  Barracks Reactor  
  149  9:28  Command Center  
  149  9:34  SCV, Marine x2  
  149  9:35  SCV, Marine  
  149  9:36  Marauder  
  149  9:37  Medivac  
  149  9:38  Marine x2  
  142  9:50  Marine  
  142  9:52  Marine x2, Marauder  
  140  9:56  Marine x5  
  140  9:58  Marauder  
  140  9:59  Medivac  
  133  10:07  Medivac  
  133  10:08  Marine  
  133  10:10  Marine x2  
  133  10:12  Supply Depot  
  133  10:13  Widow Mine x2, Marine, Supply Depot, Marauder  
  133  10:14  Marine x4  
  142  10:18  Marine  
  146  10:23  SCV x3  
  146  10:27  Supply Depot  
  146  10:28  Supply Depot  
  149  10:33  Marine x2  
  149  10:35  SCV  
  150  10:40  Marine  
  150  10:41  Widow Mine, Marine x5  
  150  10:42  Widow Mine, Marine x2  
  156  10:46  Medivac x2  
  155  10:50  Command Center  
  155  10:51  Marine  
  146  11:03  Marine x5  
  146  11:04  Marine x4  
  152  11:06  SCV x3  
  152  11:09  Marine  
  152  11:10  Widow Mine x2  
  163  11:11  Supply Depot  
  163  11:13  Planetary Fortress  
  163  11:20  Marine  
  163  11:21  Marine x3  
  167  11:29  Marine x3  
  167  11:30  Marine x3  
  173  11:38  Medivac, Widow Mine, Marine x2  
  173  11:39  Medivac, Marine x2  
  166  11:47  Marine  
  166  11:52  Marine x5  
  172  11:56  Marine x2  
  172  12:01  Marine x2  
  174  12:05  Orbital Command, Marine  
  177  12:09  Marine  
  177  12:10  Marine x4  
  177  12:14  Marine  
  177  12:34  Marine x3  
  177  12:35  Marine x4  
  184  12:43  Marine x3  
Show
View Real Time Build Order
Export as new Build Order

WarGodAlex Zerg 

Build Orders: Hatch First 

Get SALT Encoding   

  12  0:03  Drone  
  13  0:08  Drone  
  14  0:18  Overlord  
  14  0:37  Drone x3  
  17  0:56  Hatchery  
  16  0:59  Drone  
  16  1:01  Drone  
  18  1:16  Spawning Pool  
  18  1:18  Drone  
  18  1:25  Drone  
  19  1:33  Drone, Extractor  
  19  1:38  Extractor  
  18  1:41  Drone  
  19  1:54  Overlord  
  19  2:05  Drone  
  20  2:14  Queen, Drone  
  23  2:16  Queen  
  23  2:18  Drone x2  
  27  2:36  Zergling x6  
  30  2:43  Spine Crawler  
  28  3:08  Drone x6  
  35  3:14  Metabolic Boost  
  35  3:26  Overlord  
  35  3:36  Overlord  
  35  3:37  Overlord  
  35  3:44  Queen  
  35  3:47  Drone x4  
  35  3:48  Drone x2  
  43  3:55  Lair  
  43  4:18  Evolution Chamber  
  43  4:19  Drone x3  
  43  4:20  Drone  
  43  4:21  Evolution Chamber  
  45  4:30  Queen  
  47  4:45  Extractor  
  46  4:47  Extractor  
  45  4:55  Zergling x4  
  45  4:56  Zergling x14  
  45  4:57  Zergling x2  
  55  5:04  Zerg Melee Weapons Level 1, Zerg Ground Armor Level 1  
  55  5:09  Infestation Pit  
  55  5:11  Burrow  
  54  5:18  Pneumatized Carapace  
  54  5:39  Overseer  
  54  5:42  Overseer  
  54  5:47  Overlord x2  
  54  5:48  Overlord x3  
  54  6:14  Neural Parasite  
  54  6:22  Zergling x4  
  54  6:23  Zergling x8  
  60  6:36  Queen  
  62  6:43  Hive  
  62  6:49  Hydralisk Den  
  61  7:31  Zerg Ground Armor Level 2  
  61  7:33  Zerg Melee Weapons Level 2  
  61  7:38  Drone x3  
  61  7:39  Drone x2  
  66  7:50  Spine Crawler  
  65  7:51  Spore Crawler  
  65  7:55  Spore Crawler  
  65  7:57  Spine Crawler  
  62  8:11  Swarm Host  
  77  8:30  Hydralisk x4  
  39  9:11  Hydralisk x2  
  39  9:12  Hydralisk x7  
  45  9:37  Zergling x10  
  22  10:12  Drone x4  
  22  10:13  Drone x2  
  18  10:55  Drone x3  
  18  10:56  Drone x3  
  24  10:57  Queen  
  26  11:53  Hatchery  
  25  11:54  Zergling x4  
  25  11:55  Zergling x2  
  25  11:58  Overseer  
  28  12:08  Swarm Host  
Tags
 
Add a new tag
Caveats
  • Supply blocks, unpowered buildings, or Contaminate may cause inaccurate times.
  • Supply counts are checked every 10 seconds.